 Dungeon Crawl Stone Soup version 0.30.0-29-ga12c61a403 (webtiles) character file.

Game seed: 16773672344637553484

595 ces the Ducker (level 7, -10/48 (52) HPs)
             Began as a Spriggan Artificer on June 26, 2023.
             Mangled by Maggie
             ... wielding a +0 long sword of draining
              (12 damage)
             ... on level 6 of the Dungeon.
             The game lasted 00:16:37 (5013 turns).

ces the Ducker (Spriggan Artificer)                 Turns: 5013, Time: 00:16:38

HP:   -10/48 (52)   AC: 23    Str:  8    XL:     7   Next: 16%
MP:   8/8           EV:  4    Int: 12    God:
Gold: 108           SH:  0    Dex: 18    Spells: 6/6 levels left

rFire   . . .        u - +5 Force Lance {heavy, knockback}
rCold   . . .        (no shield)
rNeg    . . .        b - melded +1 robe
rPois   +            (helmet currently unavailable)
rElec   .            (cloak currently unavailable)
rCorr   .            (gloves unavailable)
SInv    +            (boots unavailable)
Will    +....        (no amulet)
Stlth   +++          (no ring)
HPRegen 0.28/turn    (no ring)
MPRegen 0.11/turn

%: no passive effects
@: tree-form, mesmerised, drained
A: stationary, stasis, torment immunity, boosted hp, very small, no large
weapons, unfitting armour, see invisible, (speed 3)
a: no special abilities


You were on level 6 of the Dungeon.
You were a tree.
You visited 1 branch of the dungeon, and saw 5 of its levels.
You also visited: Sewer.

You collected 108 gold pieces.

Inventory:

Hand Weapons
 a - a +0 dagger
 p - a +4 falchion of electrocution
 u - the +5 Force Lance (weapon) {heavy, knockback}
   (You found it on level 6 of the Dungeon)
Armour
 b - a +1 robe (melded)
Jewellery
 i - a ring of willpower
 w - a +5 ring of evasion
Wands
 c - a wand of flame (19) (quivered)
 d - a wand of charming (9)
 e - a wand of iceblast (5)
Scrolls
 k - 2 scrolls of butterflies {unknown}
 s - a scroll of torment {unknown}
 t - a scroll of teleportation
 v - a scroll of enchant weapon {unknown}
Potions
 g - 2 potions of brilliance
 h - a potion of invisibility {unknown}
 j - 2 potions of resistance
 l - 2 potions of curing
 m - 3 potions of magic
 n - a potion of haste {unknown}
 o - 4 potions of flight {unknown}
 q - 4 potions of mutation {unknown}
 r - a potion of might {unknown}


   Skills:
 + Level 2.3 Fighting
 - Level 2.5 Short Blades
 + Level 6.9 Dodging
 * Level 5.2 Stealth
 - Level 5.9 Evocations


You had 6 spell levels left.
You didn't know any spells.
Your spell library was empty.

Dungeon Overview and Level Annotations

Branches:
Dungeon (6/15)              Sewer (visited)
 Temple: D:4-7

Altars:
Okawaru
Trog
Uskayaw
Vehumet
Xom
Yredelemnul

Annotations:
D:6 Maggie


Innate Abilities, Weirdness & Mutations

You are a tree.
Your roots penetrate the ground, keeping you stationary.
You cannot be teleported.
You are immune to unholy pain and torment.
Your maximum health is greatly increased.
Your equipment is partially melded.
You are very small and have problems with some larger weapons.
You are too small for most types of armour.
You have supernaturally acute eyesight. (SInv)
((You cover ground extremely quickly. (Speed+++)))


Message History

You puncture Maggie!
Maggie is moderately wounded.
Maggie mumbles some strange words.
Maggie attempts to bespell you!
You easily resist.
You puncture Maggie!
Maggie is heavily wounded.
Maggie gestures at you while chanting. The bolt of fire misses you.
Maggie closely misses you.
You closely miss Maggie.
Maggie is heavily wounded.
Maggie misses you.
Maggie gestures wildly while chanting.
Maggie attempts to bespell you!
You are mesmerised by Maggie!
You hit Maggie.
Maggie is knocked back by the blow.
Maggie is heavily wounded.
You puncture Maggie!
Maggie is severely wounded.
Maggie casts a spell.
Maggie draws you further into her thrall.
You barely miss Maggie.
Maggie is severely wounded.
Maggie practices a pose.
Maggie hits you with a +0 long sword of draining.
You feel drained.
Maggie shouts, "Leave me alone!"
Maggie drinks a potion.
Maggie is healed!
You puncture Maggie!
Maggie is almost dead.
Maggie completely misses you. Maggie barely misses you.
You hit Maggie but do no damage.
Maggie is almost dead.
Maggie hits you with a +0 long sword of draining!
* * * LOW HITPOINT WARNING * * *
You feel drained.
* * * LOW HITPOINT WARNING * * *
It was a potion of lignification.
You turn into a tree.
Your +1 robe melds into your body.
Your roots penetrate the ground.
Maggie hits you with a +0 long sword of draining!
You die...

#.# #.# ########.#
.........# .........###
...........### ##
.............####....
.......(.............
......@♣###...###.......
....$...# #.............
........# ##†####.......
####...## #.## #.......
#... #..###.......
#...######..##.......
#.#..........#.......
#.#..................
.........##.......


You could see Maggie (mesmerising).

Vanquished Creatures
  A sky beast (D:6)
  A scorpion (D:6)
  2 hounds
  2 iguanas (D:6)
  An orc wizard (D:6)
  Natasha (thrice) (D:3)
  Robin (D:3)
  5 river rats (Sewer)
  7 adders
  A shadow imp (D:5)
  A worm (D:2)
  5 orcs
  6 ball pythons
  4 endoplasms
  A giant cockroach (D:2)
  11 goblins
  7 hobgoblins
  8 jackals
  A quokka (D:2)
  5 bats
  6 frilled lizards
  6 kobolds
  8 rats
93 creatures vanquished.

Vanquished Creatures (collateral kills)
  An adder (D:2)
  A dart slug (D:2)
  2 ball pythons (D:2)
  A hobgoblin (D:2)
  A frilled lizard (D:2)
  A rat (D:2)
7 creatures vanquished.

Vanquished Creatures (others)
  An adder (D:2)
1 creature vanquished.

Grand Total: 101 creatures vanquished

Notes
Turn   | Place    | Note
-------+----------+-------------------------------------------
     0 | D:1      | ces the Spriggan Artificer began the quest for the Orb.
     0 | D:1      | Reached XP level 1. HP: 9/9 MP: 2/2
   338 | D:1      | Reached XP level 2. HP: 13/14 MP: 3/3
  1138 | D:1      | Reached skill level 4 in Dodging
  1439 | D:2      | Reached XP level 3. HP: 17/17 MP: 4/4
  1445 | D:2      | Found an iron altar of Okawaru.
  1939 | D:2      | Reached skill level 1 in Fighting
  1950 | D:2      | Found a faded altar of an unknown god.
  2194 | D:2      | Reached XP level 4. HP: 22/22 MP: 5/5
  2457 | D:2      | Reached skill level 5 in Dodging
  3194 | D:3      | Noticed Natasha
  3203 | D:3      | Killed Natasha
  3204 | D:3      | Reached skill level 5 in Evocations
  3237 | D:3      | Found a glowing drain.
  3250 | Sewer    | Entered a sewer
  3261 | Sewer    | Reached XP level 5. HP: 13/25 MP: 6/6
  3267 | Sewer    | Reached skill level 1 in Short Blades
  3899 | D:3      | Noticed Natasha
  3904 | D:3      | Killed Natasha
  3951 | D:3      | Noticed Robin
  3952 | D:3      | Noticed Natasha
  4009 | D:3      | Killed Natasha
  4010 | D:3      | Reached skill level 6 in Dodging
  4010 | D:3      | Reached XP level 6. HP: 30/30 MP: 7/7
  4049 | D:3      | Killed Robin
  4200 | D:3      | You fall into a shaft and drop 3 floors!
  4211 | D:6      | Found the +5 Force Lance {heavy, knockback}
  4219 | D:5      | Entered Level 5 of the Dungeon
  4233 | D:5      | Found a bloodstained altar of Trog.
  4317 | D:5      | Noticed a yak
  4319 | D:5      | Noticed a yak
  4319 | D:5      | Noticed a yak
  4319 | D:5      | Noticed a yak
  4352 | D:6      | Noticed a sky beast
  4410 | D:6      | Killed a sky beast
  4669 | D:6      | Found an iron altar of Okawaru.
  4671 | D:6      | Found a basalt altar of Yredelemnul.
  4702 | D:6      | Found a radiant altar of Vehumet.
  4702 | D:6      | Found a shimmering altar of Xom.
  4704 | D:6      | Found a hide-covered altar of Uskayaw.
  4833 | D:6      | Reached skill level 5 in Stealth
  4833 | D:6      | Reached XP level 7. HP: 31/35 MP: 8/8
  4999 | D:6      | Noticed Maggie
  5012 | D:6      | HP: 1/32 [Maggie/+0 long sword of draining (2)]
  5013 | D:6      | Mangled by Maggie

Illustrated notes

Levels and vault maps discovered:
D:1:      dpeg_arrival_chambers_temple_mockup, layout_basic, minivault_24,
          minmay_hexomino_f4
D:2:      layout_loops_ring, shapermc_ecumenical_altar_mp_ritualfount,
          basic_altar, minmay_misc_feat_rows, hangedman_decor_push,
          minmay_divided_ellipse
D:3:      layout_loops_ring, portal_sewer_entry_d, minmay_cut_off, uniq_natasha,
          uniq_robin, uniq_ijyb, uniq_jessica
D:5:      layout_basic, kennysheep_little_box, fedhas_altar_3,
          minmay_statues_item
D:6:      layout_basic, nicolae_overflow_hidden_temple, serial_curves,
          eino_curves_03, eino_curves_01, uniq_maggie

Skill      XL: |  1  2  3  4  5  6 |
---------------+-------------------+-----
Dodging        | 4 5 6 |  6.9
Fighting       | 1 2 |  2.3
Stealth        | 2 3 5 |  5.2
Evocations     | 5 |  5.9
Short Blades   | 1 2 |  2.5

Action                     |  1- 3 |  4- 6 |  7- 9 || total
---------------------------+-------+-------+-------++-------
  Melee: Club              |   214 |    40 |       ||   254
         Punch             |     3 |     2 |       ||     5
         Falchion          |       |   122 |       ||   122
         Lance             |       |     5 |    11 ||    16
  Evoke: Wand              |    10 |    16 |       ||    26
    Use: Scroll            |     2 |     4 |       ||     6
         Potion            |     1 |       |     1 ||     2
   Stab: Sleeping          |     1 |     3 |       ||     4
         Distracted        |     1 |       |       ||     1
 Armour: Robe              |    31 |    14 |       ||    45
  Dodge: Dodged            |   270 |   178 |     6 ||   454
